[Event "Team 45 45 League T50"]
[Site "Internet Chess Club"]
[Date "2011.08.23"]
[Round "2"]
[White "stan-beers"]
[Black "Barie"]
[Result "1/2-1/2"]
[WhiteElo "1452"]
[BlackElo "1402"]
[Opening "Réti opening"]
[ECO "A04"]
[Time "19:30:04"]
[TimeControl "2700+45"]

1. Nf3 e6 2. d4 d5 3. c3 Nf6 4. g3 c5 5. Bg2 Be7 6. O-O O-O 7. h3 Nc6 8. Be3 Ne4
9. Nbd2 cxd4 10. Nxd4 Nxd4 11. Nxe4 Nf5 12. Nd2 Nxe3 13. fxe3 Qc7 14. Rf3 b5 15.
Nb3 Bb7 16. Nd4 a6 17. Qe1 e5 18. Nf5 Bc5 19. g4 d4 20. Rg3 Bxg2 21. Kxg2 Qc6+
22. Kg1 dxc3 23. bxc3 Qe4 24. Qf2 Rad8 25. Rf3 Rd2 26. Kh2 Qc2 27. Ng3 e4 28.
Rf5 Bd6 29. Re1 f6 30. Kg2 Bxg3 31. Kxg3 Qxc3 32. Qf4 Re8 33. Kg2 Qc4 34. Qf2 a5
35. g5 Rf8 36. gxf6 Rxf6 37. Rxf6 gxf6 38. Qg3+ Kf7 39. Qg4 Rxa2 40. Qd7+ Kg6
41. Qe8+ Kg7 42. Qd7+ Kh6 43. Qg4 a4 44. Qf4+ Kg6 45. Qg4+ Kh6 46. Qf4+ Kg6 47.
Qg4+ Kf7 48. Qd7+ Kg6 49. Qg4+ Kh6 50. Qf4+ Kg6 51. Qg4+ Kh6 52. Qf4+ Kg6 53.
Qg4+ {Game drawn by repetition} 1/2-1/2

[Event "Team 45 45 League T50"]
[Site "Internet Chess Club"]
[Date "2011.08.21"]
[Round "2"]
[White "wekabird"]
[Black "tamky70"]
[Result "1-0"]
[WhiteElo "1141"]
[BlackElo "1313"]
[Opening "English: Caro-Kann defensive system"]
[ECO "A11"]
[Time "21:00:16"]
[TimeControl "2700+45"]

1. c4 c6 2. Nc3 g6 3. Nf3 Bg7 4. h3 e6 5. e4 b5 6. cxb5 a6 7. bxc6 Nxc6 8. d3
Nge7 9. g3 Bb7 10. Bg2 Rb8 11. O-O O-O 12. Re1 h6 13. Rb1 Nd4 14. Nxd4 Bxd4 15.
Bxh6 Re8 16. Be3 e5 17. Bxd4 exd4 18. Ne2 Qb6 19. Nf4 Kg7 20. Qg4 Rh8 21. Qxd7
Rhe8 22. Qg4 Rh8 23. Qf3 Ba8 24. Nd5 Qe6 25. Nc7 Qxa2 26. Nxa8 Rxb2 27. Rxb2
Qxb2 28. Nc7 a5 29. Nd5 Nxd5 30. exd5 a4 31. Re7 Rf8 32. Qf4 a3 33. Qe5+ Kg8 34.
d6 a2 35. Re8 a1=Q+ 36. Kh2 Qbc1 37. Rxf8+ Kxf8 38. Qe7+ Kg7 39. h4 Qaa3 40.
Qe5+ Kf8 41. d7 Kg8 42. d8=Q+ Qf8 43. Qdf6 Qfh6 44. Qe8+ Qf8 45. Qee5 Kh7 46.
Qxd4 Qe1 47. Qd7 Qee8 48. Qdd4 Qee7 49. Qde5 Qa3 50. Be4 Qac5 51. Kg2 Qb4 52.
Bxg6+ fxg6 53. Qc7+ Kh6 54. Qg5# {Black checkmated} 1-0

[Event "Team 45 45 League T50"]
[Site "Internet Chess Club"]
[Date "2011.08.19"]
[Round "2"]
[White "kid6988"]
[Black "medsurg"]
[Result "0-1"]
[WhiteElo "1523"]
[BlackElo "1385"]
[Opening "Ruy Lopez: Marshall, main line, 14...Qh3"]
[ECO "C89"]
[Time "21:00:24"]
[TimeControl "2700+45"]

1. e4 e5 2. Nf3 Nc6 3. Bb5 a6 4. Ba4 Nf6 5. O-O b5 6. Bb3 Be7 7. Re1 O-O 8. c3
d5 9. exd5 Nxd5 10. Nxe5 Nxe5 11. Rxe5 c6 12. d4 Bd6 13. Re1 Qh4 14. g3 Qh3 15.
Qf3 Bg4 16. Qg2 Qh5 17. Bxd5 cxd5 18. Qf1 Rae8 19. Be3 f5 20. f4 g5 21. fxg5 f4
22. Bxf4 Bh3 23. Qf2 Rxe1+ 24. Qxe1 Qf3 25. Qd2 Qf1# {White checkmated} 0-1

[Event "Team 45 45 League T50"]
[Site "Internet Chess Club"]
[Date "2011.08.18"]
[Round "2"]
[White "Aquaman"]
[Black "kingsleywang"]
[Result "1-0"]
[WhiteElo "1261"]
[BlackElo "1299"]
[Opening "QGD: semi-Slav, Marshall gambit"]
[ECO "C01"]
[Time "21:29:50"]
[TimeControl "2700+45"]

1. d4 d5 2. e4 e6 3. c4 c6 4. Nc3 Ne7 5. Bd3 Ng6 6. Nf3 Bd6 7. e5 Bc7 8. O-O O-O
9. b4 Qe7 10. c5 b6 11. Re1 bxc5 12. bxc5 Ba5 13. Bd2 Nh4 14. Bxh7+ Kxh7 15.
Ng5+ Kg8 16. Qh5 Qxg5 17. Bxg5 Bxc3 18. Qxh4 Bxe1 19. Rxe1 Nd7 20. f4 Ba6 21.
Be7 Rfe8 22. Bd6 Bc4 23. Re3 f6 24. Rh3 Kf7 25. Qh5+ Kg8 26. Qg6 Re7 27. Bxe7
Rb8 28. Rg3 Rb1+ 29. Qxb1 Kf7 30. Bd6 Ke8 31. Qg6+ Kd8 32. Qxg7 Kc8 33. exf6
Bxa2 34. f7 Bc4 35. f8=Q+ Nxf8 36. Qc7# {Black checkmated} 1-0

[Event "Team 45 45 League T50"]
[Site "Internet Chess Club"]
[Date "2011.08.21"]
[Round "2"]
[White "Deadly-Spike"]
[Black "theartist"]
[Result "1-0"]
[WhiteElo "1318"]
[BlackElo "1206"]
[Opening "French: Fort Knox variation"]
[ECO "C03"]
[Time "12:32:33"]
[TimeControl "2700+45"]

1. e4 e6 2. d4 d5 3. Nd2 dxe4 4. Nxe4 Bd7 5. Nf3 Bc6 6. Ned2 Nd7 7. c3 Be7 8.
Bd3 Ngf6 9. O-O O-O 10. Qc2 Bxf3 11. Nxf3 c5 12. Ng5 g6 13. Ne4 cxd4 14. Nxf6+
Bxf6 15. Bh6 Re8 16. cxd4 Bxd4 17. Rad1 Rc8 18. Qa4 Nc5 19. Qb4 e5 20. Bb5 Re6
21. Bc4 Rb6 22. Qa3 Ne6 23. Bxe6 Rxe6 24. Kh1 Qb6 25. f4 Qxb2 26. Qf3 Qb6 27.
fxe5 Rc7 28. Qf4 Rd7 29. Rc1 Bxe5 30. Rc8+ Rd8 31. Rxd8+ Qxd8 32. Qxf7+ Kh8 33.
Qf8+ {Black resigns} 1-0

[Event "Team 45 45 League T50"]
[Site "Internet Chess Club"]
[Date "2011.08.21"]
[Round "2"]
[White "Docvan"]
[Black "XGG123"]
[Result "0-1"]
[WhiteElo "1051"]
[BlackElo "1136"]
[Opening "Scotch opening"]
[ECO "C44"]
[Time "14:00:20"]
[TimeControl "2700+45"]

1. e4 e5 2. Nf3 Nc6 3. d4 Nf6 4. dxe5 Nxe4 5. Bd3 Nc5 6. Be3 d5 7. Bb5 Bd7 8. c4
dxc4 9. Bxc4 Be7 10. Bxc5 Bxc5 11. O-O O-O 12. Nbd2 Re8 13. Re1 Be6 14. Qc2 Bg4
15. Bxf7+ Kxf7 16. Qc4+ Re6 17. Ng5+ Qxg5 18. Ne4 Qg6 19. Nxc5 Bh3 20. g3 Qf6
21. Ne4 Qf5 22. Rad1 h6 23. Rd7+ Ne7 24. Qxc7 Qf3 25. Nd6+ Kg6 26. Qc2+ Kh5 27.
Qe2 Qxe2 28. Rxe2 Rf8 29. Re4 Nd5 30. Rh4+ Kg5 31. Rxg7+ Rg6 32. Rd7 Bxd7 33.
Ne4+ Kf5 34. Nd6+ Ke6 35. Nxb7 Kxe5 36. Nc5 Kd6 37. Nd3 Rgf6 38. Rd4 Bb5 39. Nf4
Rf5 40. a4 Rg5 41. Rxd5+ Rxd5 42. Nxd5 Kxd5 43. axb5 Kc5 44. f4 Kxb5 45. Kg2 Kb4
46. Kf3 Kb3 47. h4 Kxb2 48. g4 a5 49. g5 hxg5 50. hxg5 a4 51. Kg4 a3 52. g6 a2
53. Kg5 a1=Q 54. f5 Qg1+ 55. Kh6 Rh8+ 56. Kg7 Qh1 57. Kf6 Qc6+ 58. Kg5 Qh1 59.
Kf6 Qh4+ 60. Ke5 Re8+ 61. Kd6 Qf6+ 62. Kd7 Qe7+ 63. Kc6 Rc8+ 64. Kd5 Rd8+ 65.
Kc6 Qd6+ 66. Kb5 Rb8+ 67. Kc4 Rc8+ 68. Kb5 Kb3 69. g7 Qb4+ {White resigns} 0-1

[Event "Team 45 45 League T50"]
[Site "Internet Chess Club"]
[Date "2011.08.20"]
[Round "2"]
[White "iceface"]
[Black "MateIn42"]
[Result "0-1"]
[WhiteElo "1361"]
[BlackElo "1420"]
[Opening "two knights defense: Fegatello attack"]
[ECO "C57"]
[Time "09:06:26"]
[TimeControl "2700+45"]

1. e4 e5 2. Nf3 Nc6 3. Bc4 Nf6 4. Ng5 d5 5. exd5 Nxd5 6. Nxf7 Kxf7 7. Qf3+ Ke6
8. Nc3 Nb4 9. Bb3 c6 10. O-O Qf6 11. Qe2 Kd7 12. a3 Nxc3 13. dxc3 Nd5 14. Rd1
Kc7 15. Qc4 Be6 16. Re1 Nf4 17. Bxf4 Bxc4 18. Bxe5+ Qxe5 19. Rxe5 Bxb3 20. cxb3
Bd6 21. Rf5 Rhf8 22. Rg5 g6 23. Rg4 Bc5 24. Rf1 Rad8 25. Rc4 Bxf2+ 26. Kh1 Bb6
27. Re1 Rfe8 28. Rf1 Rd7 29. Rcf4 Rde7 30. b4 Re1 31. a4 Kc8 32. a5 Bc7 33. Rf3
Rxf1+ 34. Rxf1 Bd6 35. Rd1 Kc7 36. Rf1 Rf8 37. Rd1 Rf2 38. Rb1 h5 39. Kg1 Re2
40. Kf1 Re5 41. Rc1 Rf5+ 42. Kg1 Bf4 43. Rd1 Be3+ 44. Kh1 Rf2 45. Rb1 Rc2 46. g3
g5 47. Re1 Rc1 48. Rxc1 Bxc1 49. b3 Bd2 50. c4 Bxb4 51. Kg2 Bxa5 52. Kf3 Bb6 53.
Ke4 Kd6 54. Kf5 Bd8 55. Ke4 a5 56. Kd3 Ke5 57. h3 b5 58. cxb5 cxb5 59. Kc3 Ke4
60. Kd2 Kf3 61. Ke1 Kxg3 62. Kf1 a4 63. bxa4 bxa4 64. Ke2 a3 65. Kd2 a2 66. Kd3
a1=Q 67. Ke4 Bf6 68. Kd5 Qd4+ 69. Ke6 Qe5+ 70. Kf7 Kf4 71. Kg6 g4 72. hxg4 hxg4
73. Kh6 Qg5+ 74. Kh7 Qg7# {White checkmated} 0-1

[Event "Team 45 45 League T50"]
[Site "Internet Chess Club"]
[Date "2011.08.20"]
[Round "2"]
[White "houseofcook"]
[Black "Nosaj"]
[Result "1-0"]
[WhiteElo "1434"]
[BlackElo "1384"]
[Opening "Sicilian: Grand Prix attack"]
[ECO "B23"]
[Time "13:00:21"]
[TimeControl "2700+45"]

1. e4 c5 2. Nc3 Nc6 3. f4 e6 4. Nf3 d5 5. Bb5 Nf6 6. Bxc6+ bxc6 7. e5 Ne4 8. O-O
Nxc3 9. dxc3 Be7 10. a3 O-O 11. Re1 f5 12. b4 a6 13. Be3 cxb4 14. cxb4 a5 15. c3
Ba6 16. Nd4 Qd7 17. Kh1 c5 18. bxc5 Bxc5 19. Nb3 Bxe3 20. Rxe3 Bc4 21. Nd4 Rab8
22. Rb1 Rxb1 23. Qxb1 Qe7 24. Rg3 Qxa3 25. Nxe6 Re8 26. Nxg7 Rc8 27. Nxf5+ Kh8
28. Nd6 h6 29. Nf7# {Black checkmated} 1-0

[Event "Team 45 45 League T50"]
[Site "Internet Chess Club"]
[Date "2011.08.21"]
[Round "2"]
[White "joshq03"]
[Black "dabodhi"]
[Result "0-1"]
[WhiteElo "1245"]
[BlackElo "1190"]
[Opening "Scandinavian defense"]
[ECO "B01"]
[Time "12:05:41"]
[TimeControl "2700+45"]

1. e4 d5 2. exd5 Nf6 3. Nc3 Nxd5 4. Nxd5 Qxd5 5. d4 Nc6 6. Nf3 Bg4 7. Be2 Bf5 8.
c4 Qd8 9. O-O e6 10. Ne5 Nxd4 11. Bg4 Bc5 12. Re1 Bxg4 13. Nxg4 O-O 14. Re4 Nf5
15. Be3 Nxe3 16. Nxe3 Qxd1+ 17. Rxd1 Rad8 18. Re1 Rd2 19. Ng4 h5 20. Ne3 Rfd8
21. h3 Rxb2 22. Ra1 Rdd2 23. Re5 Bxe3 24. Rxe3 Rxf2 25. g3 Rg2+ 26. Kf1 Rh2 27.
h4 Rh1# {White checkmated} 0-1

[Event "Team 45 45 League T50"]
[Site "Internet Chess Club"]
[Date "2011.08.21"]
[Round "2"]
[White "bhandelman"]
[Black "Goldenberg"]
[Result "0-1"]
[WhiteElo "1122"]
[BlackElo "1320"]
[Opening "Sicilian: Hungarian variation"]
[ECO "B27"]
[Time "14:00:18"]
[TimeControl "2700+45"]

1. e4 c5 2. Nf3 g6 3. Nc3 Bg7 4. Bc4 Nc6 5. O-O Nf6 6. d3 O-O 7. Bf4 d6 8. d4
cxd4 9. Nxd4 Na5 10. e5 dxe5 11. Bxe5 Nxc4 12. Qd3 Nxe5 13. Rfe1 Nxd3 {White
resigns} 0-1

[Event "Team 45 45 League T50"]
[Site "Internet Chess Club"]
[Date "2011.08.20"]
[Round "2"]
[White "Just-Jim"]
[Black "bishop10186"]
[Result "0-1"]
[WhiteElo "1335"]
[BlackElo "1214"]
[Opening "Queen's pawn"]
[ECO "A40"]
[Time "12:00:21"]
[TimeControl "2700+45"]

1. d4 e6 2. a3 d5 3. Nf3 Nf6 4. Bg5 Nbd7 5. Nc3 c5 6. Bf4 Qb6 7. e3 a6 8. Na4
Qa5+ 9. Nc3 Qb6 10. Be2 Bd6 11. Bxd6 Qxd6 12. O-O O-O 13. h3 Re8 14. Nh2 e5 15.
dxc5 Qxc5 16. Ng4 b5 17. Qd2 Bb7 18. b4 Qc6 19. f3 Rad8 20. Qe1 Nb6 21. Nxf6+
Qxf6 22. e4 Nc4 23. Bxc4 dxc4 24. Rd1 Rxd1 25. Nxd1 Rd8 26. Ne3 Qb6 27. Kh1 g6
28. Ng4 Qd6 29. Qh4 Bc8 30. Nf6+ Kg7 31. Nxh7 Rh8 32. Qf6+ Qxf6 33. Nxf6 Kxf6
34. Kh2 Rd8 35. Rf2 c3 36. Re2 Rd2 37. Re3 Rxc2 38. Kg3 Be6 39. Kh2 Rc1 40. g4
c2 41. h4 Rd1 42. g5+ Kg7 43. Rc3 c1=Q 44. Rxc1 Rxc1 {White resigns} 0-1

[Event "Team 45 45 League T50"]
[Site "Internet Chess Club"]
[Date "2011.08.23"]
[Round "2"]
[White "sockmonkey"]
[Black "guyd52"]
[Result "0-1"]
[WhiteElo "1248"]
[BlackElo "1243"]
[Opening "King's Indian: Torre attack"]
[ECO "A48"]
[Time "05:00:06"]
[TimeControl "2700+45"]

1. d4 Nf6 2. Nf3 g6 3. Bg5 Bg7 4. Nbd2 O-O 5. e4 d6 6. Bd3 Nbd7 7. O-O c6 8. c3
b5 9. b4 Bb7 10. Re1 e5 11. Qb3 Qb6 12. Rac1 Ng4 13. Be7 Rfe8 14. Bxd6 exd4 15.
cxd4 Bxd4 16. Nxd4 Qxd4 17. Bg3 Nde5 18. Nf3 Qxd3 19. Nxe5 Qxb3 20. axb3 Nxe5
21. Red1 Ng4 22. f3 Nf6 23. Bh4 Kg7 24. Bf2 a5 25. Bd4 axb4 26. g4 h6 27. h4 g5
28. hxg5 hxg5 29. Rc5 Kg6 30. Bxf6 Kxf6 31. Rd6+ Re6 32. Rf5+ Ke7 33. Rxe6+ Kxe6
34. Rxg5 Bc8 35. Rg8 Ke7 36. Kf2 Ra2+ 37. Ke3 Be6 38. f4 Bxb3 39. g5 Bc4 40. f5
b3 41. f6+ Kd7 42. g6 b2 43. gxf7 Bxf7 44. Rg7 Ke8 {White resigns} 0-1

[Event "Team 45 45 League T50"]
[Site "Internet Chess Club"]
[Date "2011.08.22"]
[Round "2"]
[White "carolinaknight"]
[Black "nlobo"]
[Result "0-1"]
[WhiteElo "1168"]
[BlackElo "995"]
[Opening "King's pawn game"]
[ECO "C21"]
[Time "20:00:13"]
[TimeControl "2700+45"]

1. e4 e5 2. d4 Nf6 3. Bg5 Be7 4. Nc3 exd4 5. Qxd4 Nc6 6. Qd2 h6 7. Bh4 Nxe4 8.
Qf4 Bxh4 9. Bc4 Bxf2+ 10. Kf1 Qf6 11. Qxe4+ Ne7 12. Nf3 Bd4 13. Rd1 Bb6 14. a3
d6 15. Rd5 Be6 16. Rd3 Bf5 17. Qxb7 O-O 18. Rd2 Be3 19. Re2 Bd4 20. Ne4 Bxe4 21.
Rxe4 Rab8 22. Qxc7 Rxb2 23. Rxe7 Bb6 24. Qd7 Rb1+ 25. Re1 Rxe1+ 26. Kxe1 Qa1+
27. Ke2 Qxh1 28. Qh3 Re8+ 29. Kd3 Qd1+ 30. Kc3 Ba5+ 31. Kb2 Rb8+ 32. Bb3 d5 33.
Ne5 Qd4+ {White resigns} 0-1

[Event "Team 45 45 League T50"]
[Site "Internet Chess Club"]
[Date "2011.08.19"]
[Round "2"]
[White "artspir"]
[Black "WilmaP"]
[Result "1-0"]
[WhiteElo "1111"]
[BlackElo "1149"]
[Opening "Queen's pawn game"]
[ECO "D02"]
[Time "13:00:14"]
[TimeControl "2700+45"]

1. d4 d5 2. Nf3 e6 3. Bg5 f6 4. Bh4 Nd7 5. e3 c6 6. c3 Qb6 7. b3 Bd6 8. Bd3 e5
9. dxe5 fxe5 10. e4 d4 11. O-O Qc7 12. cxd4 Ndf6 13. dxe5 Bxe5 14. Re1 Bg4 15.
Bg3 Bxf3 16. Qxf3 Bxg3 17. hxg3 O-O-O 18. Nc3 Qd7 19. Rad1 Qc7 20. e5 Nd5 21.
Nxd5 Rxd5 22. Qf5+ Kb8 23. Qf8+ Rd8 24. Qc5 Ne7 25. Re4 h5 26. b4 Rd5 27. Qe3
Nf5 28. Qf4 g6 29. Qf3 Ka8 30. Bc4 Rxe5 31. Qf4 Rhe8 32. Rde1 Nd6 33. Rxe5 Kb8
34. Rxe8+ Nxe8 35. Qf8 b6 36. Ba6 c5 37. Rxe8+ {Black resigns} 1-0

[Event "Team 45 45 League T50"]
[Site "Internet Chess Club"]
[Date "2011.08.21"]
[Round "2"]
[White "rahulr"]
[Black "Superman"]
[Result "0-1"]
[WhiteElo "1575"]
[BlackElo "1763"]
[Opening "King's Indian: Petrosian system, main line"]
[ECO "E93"]
[Time "17:00:13"]
[TimeControl "2700+45"]

1. d4 Nf6 2. c4 g6 3. Nc3 Bg7 4. e4 d6 5. Nf3 O-O 6. Be2 e5 7. d5 Nbd7 8. b4 Nh5
9. g3 f5 10. exf5 e4 11. Nd4 Qf6 12. Be3 Qe5 13. Ncb5 c5 14. dxc6 bxc6 15. Nc7
c5 16. Nce6 cxd4 17. Bxd4 Qxf5 18. Nxf8 Bxd4 19. Qxd4 Qxf8 20. Qd5+ Kh8 21. Qxa8
Ne5 22. Qxe4 Qg7 23. Qb1 Bf5 24. Qd1 Nd3+ 25. Bxd3 Bxd3 26. Rc1 Qe5+ 27. Kd2 Qd4
28. Rc3 Be4+ 29. Ke2 Qxc3 30. Qa1 Bf3+ 31. Kf1 Qxa1# {White checkmated} 0-1

[Event "Team 45 45 League T50"]
[Site "Internet Chess Club"]
[Date "2011.08.18"]
[Round "2"]
[White "Cadaz"]
[Black "MasterOfTheKeys"]
[Result "1-0"]
[WhiteElo "1519"]
[BlackElo "1642"]
[Opening "French: Winawer, classical variation"]
[ECO "C18"]
[Time "16:02:01"]
[TimeControl "2700+45"]

1. e4 e6 2. d4 d5 3. Nc3 Bb4 4. e5 c5 5. a3 Bxc3+ 6. bxc3 Qc7 7. Nf3 cxd4 8.
cxd4 Nc6 9. Bd3 Nge7 10. O-O Bd7 11. c4 O-O-O 12. c5 h6 13. Bd2 g5 14. h3 Rdg8
15. Rb1 g4 16. hxg4 Rxg4 17. Be3 Rhg8 18. g3 h5 19. Nh2 Rxd4 20. Bxd4 Nxd4 21.
Qxh5 Nef5 22. Bxf5 Nxf5 23. Qxf7 Qd8 24. Rfc1 Qg5 25. c6 bxc6 26. Rxc6+ Bxc6 27.
Qxa7 Qxg3+ 28. fxg3 Rxg3+ 29. Kf2 {Black resigns} 1-0

[Event "Team 45 45 League T50"]
[Site "Internet Chess Club"]
[Date "2011.08.21"]
[Round "2"]
[White "Virtuose"]
[Black "DaveF"]
[Result "0-1"]
[WhiteElo "1237"]
[BlackElo "1509"]
[Opening "Caro-Kann: advance variation"]
[ECO "B12"]
[Time "09:25:26"]
[TimeControl "2700+45"]

1. e4 c6 2. d4 d5 3. e5 c5 4. c3 Nc6 5. f4 Bf5 6. Nf3 e6 7. Bd3 Bxd3 8. Qxd3 Nh6
9. Nfd2 cxd4 10. cxd4 Qb6 11. Nb3 Nf5 12. Be3 Nb4 13. Qd2 Nxe3 14. a3 Nbc2+ 15.
Ke2 Qxb3 {White resigns} 0-1

[Event "Team 45 45 League T50"]
[Site "Internet Chess Club"]
[Date "2011.08.19"]
[Round "2"]
[White "lechuguita"]
[Black "spongenotbob"]
[Result "1-0"]
[WhiteElo "1382"]
[BlackElo "1444"]
[Opening "Caro-Kann: classical, Spassky variation"]
[ECO "B19"]
[Time "03:00:17"]
[TimeControl "2700+45"]

1. e4 c6 2. d4 d5 3. Nc3 dxe4 4. Nxe4 Bf5 5. Ng3 Bg6 6. h4 h6 7. Nf3 Nd7 8. h5
Bh7 9. Bd3 Bxd3 10. Qxd3 Ngf6 11. Bf4 e6 12. O-O-O Be7 13. Kb1 O-O 14. Ne4 Ng4
15. Nfd2 c5 16. Qf3 Ngf6 17. Qg3 Kh8 18. Nxf6 Nxf6 19. dxc5 Bxc5 20. Be5 Qe7 21.
Ne4 Bb6 22. Nxf6 gxf6 23. Rd7 Bxf2 24. Qf3 Qc5 25. Qxf6+ {Black resigns} 1-0

[Event "Team 45 45 League T50"]
[Site "Internet Chess Club"]
[Date "2011.08.21"]
[Round "2"]
[White "justice02"]
[Black "rayonline53"]
[Result "1-0"]
[WhiteElo "1770"]
[BlackElo "1585"]
[Opening "English: Neo-Catalan declined"]
[ECO "A14"]
[Time "14:30:37"]
[TimeControl "2700+45"]

1. Nf3 d5 2. c4 e6 3. g3 Nf6 4. Bg2 Be7 5. O-O O-O 6. b3 c5 7. d4 Nc6 8. cxd5
exd5 9. Bb2 Be6 10. Nc3 Rc8 11. Rc1 cxd4 12. Nb5 a6 13. Nbxd4 Nxd4 14. Qxd4 Qd6
15. h3 Rxc1 16. Rxc1 Rc8 17. Rxc8+ Bxc8 18. Ng5 h6 19. Nf3 Be6 20. g4 Bf8 21. g5
hxg5 22. Nxg5 Nh7 23. Nxe6 fxe6 24. Qg4 Qe7 25. a3 Nf6 26. Qg5 Nh7 27. Qg6 Qf7
28. Qc2 Qd7 29. b4 Nf6 30. Be5 Kf7 31. e3 Qc6 32. Qd1 Kg8 33. Bf1 Bd6 34. Bb2
Qc7 35. Bd3 Be5 36. Bc1 Bd6 37. f4 Qf7 38. Kg2 Qh5 39. Qc2 Qe8 40. Bb2 Qc6 41.
Qxc6 bxc6 42. Bxa6 Ne4 43. Kf3 c5 44. bxc5 Nxc5 45. Bb5 Nb7 46. a4 Bb4 47. Bd4
Ba5 48. f5 exf5 49. Bc6 Nd6 50. Bxd5+ Kf8 51. Kf4 g6 52. Kg5 {Black resigns} 1-0

[Event "Team 45 45 League T50"]
[Site "Internet Chess Club"]
[Date "2011.08.20"]
[Round "2"]
[White "Giacometti"]
[Black "elessar"]
[Result "1-0"]
[WhiteElo "1666"]
[BlackElo "1629"]
[Opening "Bird's opening"]
[ECO "A03"]
[Time "10:00:24"]
[TimeControl "2700+45"]

1. f4 d5 2. Nf3 Nf6 3. g3 g6 4. Bg2 Bg7 5. O-O O-O 6. Nc3 c6 7. d3 Qb6+ 8. Kh1
Nbd7 9. e4 dxe4 10. dxe4 e6 11. e5 Ng4 12. Qe2 h5 13. Ng5 Qc7 14. Nce4 Nb6 15.
Nd6 Nh6 16. Qd3 Nd5 17. c4 Ne7 18. b3 Nef5 19. Ba3 Rd8 20. Qc3 Rd7 21. Rad1 Rb8
22. Rd2 c5 23. Nge4 b6 24. Rfd1 Nd4 25. b4 cxb4 26. Bxb4 Ndf5 27. Nxf5 Rxd2 28.
Nxh6+ Bxh6 29. Qxd2 Bb7 30. Nf6+ Kg7 31. Bxb7 Qxb7+ 32. Qg2 Qc7 33. Bd6 {Black
resigns} 1-0

[Event "Team 45 45 League T50"]
[Site "Internet Chess Club"]
[Date "2011.08.20"]
[Round "2"]
[White "cepheid"]
[Black "Kristian1974"]
[Result "0-1"]
[WhiteElo "1600"]
[BlackElo "1643"]
[Opening "French: exchange variation"]
[ECO "C01"]
[Time "14:02:30"]
[TimeControl "2700+45"]

1. e4 e6 2. d4 d5 3. exd5 exd5 4. Nf3 Bf5 5. Bf4 Nf6 6. c3 Nbd7 7. Nbd2 Qe7+ 8.
Qe2 c6 9. Ne5 Nxe5 10. Bxe5 Nd7 11. Bf4 Be6 12. Qe3 Nf6 13. h3 Nh5 14. Be5 Nf6
15. Bd3 Nd7 16. Bf4 Nb6 17. O-O Qd7 18. b3 Bd6 19. Rae1 O-O-O 20. a4 Rhe8 21.
Qg3 Bxf4 22. Qxf4 a5 23. Ra1 Qe7 24. Rfb1 g5 25. Qg3 f5 26. f4 Rg8 27. Re1 Qd6
28. Qe3 Rde8 29. fxg5 f4 30. Qe5 Qxe5 31. Rxe5 Nd7 32. Rxe6 Rxe6 33. h4 Re3 34.
Bxh7 Rh8 35. g6 Nf6 36. Rf1 Nxh7 37. gxh7 Rxh7 38. Rxf4 Rxc3 39. g3 Rxg3+ 40.
Kf2 Rh3 41. Nf3 Rh1 42. Ke3 Rb1 43. Nd2 Re7+ 44. Kd3 Rbe1 45. h5 Rh7 46. Rh4 Re6
47. Kc3 Reh6 48. b4 axb4+ 49. Kxb4 Rxh5 50. Rg4 Rh4 51. Rg8+ Kc7 52. Kc5 b6+ 53.
Kb4 Rxd4+ 54. Kc3 Rxa4 {White resigns} 0-1

[Event "Team 45 45 League T50"]
[Site "Internet Chess Club"]
[Date "2011.08.22"]
[Round "2"]
[White "doublepar"]
[Black "Gilguli"]
[Result "0-1"]
[WhiteElo "1472"]
[BlackElo "1414"]
[Opening "Rousseau gambit"]
[ECO "C40"]
[Time "16:46:29"]
[TimeControl "2700+45"]

1. e4 e5 2. Nf3 f5 3. Bc4 Nc6 4. Nc3 Nf6 5. d3 h6 6. exf5 Bb4 7. Qe2 d6 8. Nh4
Nd4 9. Qd1 Nxf5 10. Nxf5 Bxf5 11. a3 Ba5 12. b4 Bb6 13. Be3 d5 14. Nxd5 Nxd5 15.
Qf3 Nxe3 16. fxe3 Qh4+ 17. Kd2 Qg5 18. Rae1 O-O-O 19. Rhf1 Rhf8 20. h3 e4 21.
Qxf5+ Rxf5 22. Be6+ Kb8 23. Bxf5 Qxg2+ 24. Kc3 exd3 25. cxd3 Qc6+ 26. Kb3 a5 27.
Be4 Qe6+ 28. Ka4 axb4 29. Bf5 Qc6+ 30. Kb3 Qc3+ {White resigns} 0-1

[Event "Team 45 45 League T50"]
[Site "Internet Chess Club"]
[Date "2011.08.19"]
[Round "2"]
[White "PsyMar"]
[Black "Cicero"]
[Result "1-0"]
[WhiteElo "1419"]
[BlackElo "1343"]
[Opening "Scandinavian defense"]
[ECO "B01"]
[Time "13:00:05"]
[TimeControl "2700+45"]

1. e4 d5 2. exd5 Nf6 3. Nc3 e6 4. dxe6 Bxe6 5. d4 Qe7 6. Be3 Ng4 7. Qf3 Nc6 8.
d5 Nd4 9. Bxd4 O-O-O 10. O-O-O Nf6 11. dxe6 Qxe6 12. Bxf6 gxf6 13. Rxd8+ Kxd8
14. Qd5+ Qxd5 15. Nxd5 Bd6 16. Bc4 Re8 17. Nf3 c6 18. Nxf6 Re7 19. Rd1 Kc7 20.
Bxf7 Rxf7 21. Ne8+ Kd8 22. Nxd6 Kc7 23. Nxf7 {Black resigns} 1-0

[Event "Team 45 45 League T50"]
[Site "Internet Chess Club"]
[Date "2011.08.17"]
[Round "2"]
[White "IanT"]
[Black "Skylab"]
[Result "1-0"]
[WhiteElo "1439"]
[BlackElo "1263"]
[Opening "Hungarian defense"]
[ECO "C50"]
[Time "20:40:06"]
[TimeControl "2700+45"]

1. e4 e5 2. Nf3 Nc6 3. Bc4 Be7 4. O-O Nf6 5. Nc3 O-O 6. d3 d6 7. Be3 Na5 8. Bb3
Nxb3 9. axb3 a6 10. Re1 Bg4 11. h3 Bh5 12. d4 exd4 13. Bxd4 c5 14. Be3 Re8 15.
Bf4 Bf8 16. Qd3 Bg6 17. Rad1 d5 18. Nxd5 Nxd5 19. Qxd5 Qxd5 20. exd5 Rxe1+ 21.
Nxe1 Rd8 22. d6 Bf5 23. g4 Bd7 24. Nd3 Bc6 25. Nxc5 Be7 26. b4 Bf6 27. d7 Bxb2
28. Bc7 Bf6 29. Bxd8 Bxd8 30. Re1 Bxd7 31. Nxd7 g6 {Black resigns} 1-0

[Event "Team 45 45 League T50"]
[Site "Internet Chess Club"]
[Date "2011.08.22"]
[Round "2"]
[White "JimGaming"]
[Black "chips"]
[Result "1-0"]
[WhiteElo "1279"]
[BlackElo "1177"]
[Opening "Bishop's opening: Ponziani gambit"]
[ECO "C24"]
[Time "15:19:53"]
[TimeControl "2700+45"]

1. e4 e5 2. Bc4 Nf6 3. d4 d6 4. dxe5 dxe5 5. Qxd8+ Kxd8 6. Bg5 Be7 7. Nf3 Nc6 8.
Bxf6 Bxf6 9. Bxf7 Nd4 10. Nxd4 exd4 11. Nd2 d3 12. c3 Bg5 13. O-O-O Ke7 14. Bc4
Rd8 15. Rhf1 Be6 16. Bxe6 Kxe6 17. f4 Bf6 18. Nf3 c5 19. g4 c4 20. g5 Be7 21.
Nd4+ Kf7 22. h4 a6 23. f5 Kg8 24. e5 Rd5 25. Rde1 Bc5 26. Re4 Bxd4 27. cxd4 Rad8
28. f6 Rxd4 29. Rxd4 Rxd4 30. f7+ Kf8 31. e6 Re4 32. g6 h6 33. h5 Rxe6 34. Kd2
Re5 35. Re1 Rxe1 36. Kxe1 b5 37. Kd2 b4 38. a3 bxa3 39. bxa3 a5 40. a4 Ke7 41.
Kc3 d2 42. Kxd2 c3+ 43. Kxc3 Kf8 44. Kc4 {Black resigns} 1-0

[Event "Team 45 45 League T50"]
[Site "Internet Chess Club"]
[Date "2011.08.21"]
[Round "2"]
[White "mrmarck"]
[Black "otib2006"]
[Result "0-1"]
[WhiteElo "1291"]
[BlackElo "1343"]
[Opening "Sicilian, Chekhover variation"]
[ECO "B53"]
[Time "09:00:30"]
[TimeControl "2700+45"]

1. e4 c5 2. Nf3 d6 3. d4 cxd4 4. Qxd4 Nc6 5. Qd1 Nf6 6. Nc3 e6 7. Be2 Be7 8. O-O
O-O 9. Re1 a6 10. Bd3 b5 11. e5 Nd5 12. exd6 Qxd6 13. Ne2 Bb7 14. Ng3 Nf6 15. c3
g6 16. Bh6 Rfd8 17. Qc2 Qxd3 18. Qxd3 Rxd3 19. Rac1 Ng4 20. Be3 Nxe3 21. Rxe3
Rxe3 22. fxe3 Na5 23. b3 Bxf3 24. gxf3 Rd8 25. Kf2 Bh4 {White resigns} 0-1